 Dungeon Crawl Stone Soup version 0.24-a0-698-g60d090ba07 (webtiles) character file.

826 redmage the Thaumaturge (level 7, 30/36 HPs)
             Began as a Deep Elf Wizard on May 24, 2018.
             Quit the game on level 6 of the Dungeon on Aug 1, 2023.
             The game lasted 00:50:13 (2894 turns).

redmage the Thaumaturge (Deep Elf Wizard)           Turns: 2894, Time: 00:50:13

Health: 30/36      AC:  6    Str:  4    XL:     7   Next: 64%
Magic:  15/20      EV: 13    Int: 25    God:
Gold:   189        SH:  0    Dex: 13    Spells: 11/22 levels left

rFire    . . .     SeeInvis .   e - +1 spear (venom)
rCold    . . .     Gourm    .   (no shield)
rNeg     . . .     Faith    .   a - +0 robe
rPois    .         Spirit   .   p - +0 helmet
rElec    .         Reflect  .   l - +2 cloak {MR+}
rCorr    .         Harm     .   (no gloves)
MR       +....                  (no boots)
Stlth    ++........             (no amulet)
HPRegen  0.12/turn              (no ring)
MPRegen  0.17/turn              (no ring)

@: no status effects
A: no striking features
a: no special abilities


You were on level 6 of the Dungeon.
You were not hungry.

You visited 1 branch of the dungeon, and saw 7 of its levels.

You collected 189 gold pieces.

Inventory:

Hand Weapons
 e - a +1 spear of venom (weapon)
 n - a +2 whip of holy wrath
Missiles
 m - 6 boomerangs (quivered)
Armour
 a - a +0 robe (worn)
 i - a +0 leather armour
 l - a +2 cloak of magic resistance (worn)
 p - a +0 helmet (worn)
 s - a scarf of repulsion
Wands
 v - a wand of iceblast (6)
Scrolls
 o - 2 scrolls of teleportation
 q - a scroll of remove curse
 t - a scroll of amnesia
 w - a scroll of fear
 x - a scroll of enchant armour
Potions
 b - a potion of heal wounds
 c - a potion of invisibility {unknown}
 f - 2 potions of lignification
 g - a potion of ambrosia {unknown}
 h - 5 potions of curing
 j - a potion of berserk rage {unknown}
 k - a potion of mutation {unknown}
 u - 2 potions of agility {unknown}
Comestibles
 d - 11 rations
 r - 3 chunks of flesh


   Skills:
 - Level 2.4 Dodging
 - Level 2.4 Stealth
 + Level 8.1 Spellcasting
 * Level 7.5 Conjurations
 - Level 1.1 Summonings
 - Level 1.1 Translocations


You had 11 spell levels left.
You knew the following spells:

 Your Spells              Type           Power        Failure   Level  Hunger
a - Magic Dart            Conj           ####         1%          1    None
b - Call Imp              Summ           ###.....     6%          2    None
c - Conjure Flame         Conj/Fire      ####....     3%          3    None
d - Mephitic Cloud        Conj/Pois/Air  ###.....     6%          3    None
e - Blink                 Tloc           N/A          6%          2    None

Your spell library contained the following spells:

 Spells                   Type           Power        Failure   Level  Hunger
 Slow                     Hex            ##......     9%          2    None


Dungeon Overview and Level Annotations

Branches:
Dungeon (7/15)
 Temple: D:4-7

Altars:
Makhleb
Okawaru

Annotations:
D:4 Bnni's ghost, amateur DsMo


Message History

Press: ? - help, Dir - move target cursor, f/p - orc
Aim: an orc, wielding a mace and wearing a scale mail (heavily wounded, poisoned, confused)
You reach to attack!
You hit the orc but do no damage.
The orc looks as sick as possible!
The orc is heavily wounded.
You hit the orc.
The orc is almost dead.
You kill the orc!
Things that are here:
a mace; a scale mail
Found a ration.
Found a scroll of enchant armour.
d - 11 rations (gained 1)
x - a scroll of enchant armour Saving game... please wait.
Welcome back, redmage the Deep Elf Wizard.
Press ? for a list of commands and other information.
Welcome back, redmage the Deep Elf Wizard.
Press ? for a list of commands and other information.
Are you sure you want to abandon this character and quit the game? (Confirm with "yes".)

#................#
#......
#######..........#
#......
#..........#
#......
#..........#
#......
#..........#
#......
#..........#
#....^.
#..........#
#......
#..........#
#......
#......@...#
#......
#..........#
#######
#..........#
#..........#
############


There were no monsters in sight!

Vanquished Creatures
  The ghost of Bnni the Chopper, a novice BaSk (D:5)
  A sky beast (D:5)
  A scorpion (D:4)
  2 crimson imps
  An orc priest (D:5)
  A bullfrog skeleton (D:6)
  A hound (D:5)
  2 orc wizards (D:5)
  2 iguanas
  A worker ant (D:4)
  2 shadow imps (D:6)
  An adder skeleton (D:4)
  2 adder zombies (D:5)
  A worm (D:5)
  A dart slug (D:1)
  8 orcs
  5 bats
  3 giant cockroaches
  2 goblins (D:2)
  7 hobgoblins
  4 jackals (D:5)
  4 quokkas
  A ball python (D:2)
  4 frilled lizards
  3 kobolds (D:1)
  A quokka skeleton (D:5)
  6 rats
68 creatures vanquished.

Vanquished Creatures (collateral kills)
  2 adders (D:2)
  A dart slug (D:2)
  An orc (D:3)
  A giant cockroach (D:2)
  2 goblins
7 creatures vanquished.

Vanquished Creatures (others)
  A giant cockroach (D:4)
1 creature vanquished.

Grand Total: 76 creatures vanquished

Notes
Turn   | Place    | Note
-------+----------+-------------------------------------------
     0 | D:1      | redmage the Deep Elf Wizard began the quest for the Orb.
     0 | D:1      | Reached XP level 1. HP: 10/10 MP: 7/7
   166 | D:1      | Reached XP level 2. HP: 14/15 MP: 6/9
   170 | D:1      | Learned a level 2 spell: Call Imp
   173 | D:1      | Learned a level 2 spell: Blink
   328 | D:2      | Reached skill level 5 in Spellcasting
   491 | D:2      | Reached XP level 3. HP: 16/19 MP: 6/11
   637 | D:2      | Found a burning altar of Makhleb.
   807 | D:3      | Learned a level 3 spell: Conjure Flame
   811 | D:3      | Learned a level 3 spell: Mephitic Cloud
  1073 | D:4      | Reached XP level 4. HP: 12/24 MP: 3/13
  1139 | D:5      | Entered Level 5 of the Dungeon
  1154 | D:4      | Noticed Bnni's ghost (amateur DsMo)
  1299 | D:4      | Reached skill level 6 in Spellcasting
  1455 | D:5      | Noticed a sky beast
  1466 | D:5      | Killed a sky beast
  1466 | D:5      | Reached XP level 5. HP: 28/28 MP: 9/16
  1574 | D:5      | Reached skill level 5 in Conjurations
  1574 | D:5      | Reached XP level 6. HP: 24/32 MP: 11/17
  1871 | D:5      | Noticed Bnni's ghost (novice BaSk)
  1889 | D:5      | Killed Bnni's ghost
  1889 | D:5      | Reached skill level 7 in Spellcasting
  1889 | D:5      | Reached XP level 7. HP: 18/36 MP: 10/20
  2540 | D:6      | Reached skill level 8 in Spellcasting
  2642 | D:6      | Found an iron altar of Okawaru.
  2850 | D:6      | Upgraded the game from 0.22-a0-425-g89d60a1 to
                  | 0.22-a0-429-g97ce8ef
  2894 | D:6      | Quit the game

Levels and vault maps discovered:
D:1:      doesnt_arrival_eight_statues, serial_bayou_ford_a,
          minmay_misc_feat_room
D:2:      first_ration, makhleb_blood_cavern_becter
D:3:      uniq_robin
D:4:      gup_sewer_entry_pipe, lemuel_old_faithful
D:6:      okawaru_metal_pillars_3
D:7:      minmay_temple_entry_statues, serial_shops, nicolae_shop_crystal

Skill      XL: |  1  2  3  4  5  6  7 |
---------------+----------------------+-----
Conjurations   | 2 3 4 5 6 7 |  7.5
Spellcasting   | 5 6 7 8 |  8.1
Dodging        | |  2.4
Stealth        | |  2.4
Summonings     | |  1.1
Translocations | |  1.1

Action                   |  1- 3 |  4- 6 |  7- 9 || total
-------------------------+-------+-------+-------++-------
Melee: Spear             |    41 |    31 |    62 ||   134
       Short sword       |     2 |       |       ||     2
       Whip              |       |    24 |    32 ||    56
 Cast: Magic Dart        |    69 |    31 |    16 ||   116
       Call Imp          |     6 |     4 |       ||    10
       Conjure Flame     |     1 |     5 |     5 ||    11
       Blink             |       |     9 |     9 ||    18
       Mephitic Cloud    |       |     3 |    10 ||    13
  Use: Scroll            |     6 |     2 |     3 ||    11
 Stab: Distracted        |     1 |     1 |       ||     2
       Confused          |       |       |     3 ||     3
  Eat: Ration            |       |     1 |     1 ||     2
       Chunk             |       |     1 |     1 ||     2
Armor: Robe              |     5 |     7 |    11 ||    23
Dodge: Dodged            |    36 |    22 |    25 ||    83

Table legend:
 A = Non-vault XP
 B = Vault XP
 C = Vault XP percentage of total XP
 D = Non-vault monster count
 E = Vault monster count
 F = Vault count percentage of total count
                 A         B        C        D         E       F
            +---------+---------+-------+---------+---------+-------
      Total |    1181 |       0 |   0.0 |      75 |       0 |   0.0
            +---------+---------+-------+---------+---------+-------
        D:1 |      18 |       0 |   0.0 |      11 |       0 |   0.0
        D:2 |      51 |       0 |   0.0 |      22 |       0 |   0.0
        D:3 |      22 |       0 |   0.0 |      12 |       0 |   0.0
        D:4 |     104 |       0 |   0.0 |       5 |       0 |   0.0
        D:5 |     832 |       0 |   0.0 |      18 |       0 |   0.0
        D:6 |     154 |       0 |   0.0 |       7 |       0 |   0.0
            +---------+---------+-------+---------+---------+-------
